 Dungeon Crawl Stone Soup version 0.22-a0-480-g991dd4b (webtiles) character file.

417 KillYourself the Skirmisher (level 6, -9/84 HPs)
             Began as a Minotaur Fighter on June 16, 2018.
             Was a Believer of Lugonu.
             Killed by divine providence
             ... invoked by an orc priest
              (12 damage)
             ... on level 4 of the Dungeon.
             The game lasted 00:11:18 (2639 turns).

KillYourself the Skirmisher (Minotaur Fighter)      Turns: 2639, Time: 00:11:23

Health: -9/84      AC: 23    Str: 22      XL:     6   Next: 61%
Magic:  5/5        EV:  2    Int:  5      God:    Lugonu [**....]
Gold:   92         SH: 11    Dex:  8 (10) Spells: 5/5 levels left

rFire    . . .     SeeInvis .   a - +1 war axe
rCold    . . .     Gourm    .   c - +1 shield
rNeg     + + +     Faith    .   (armour currently unavailable)
rPois    +         Spirit   .   (helmet currently unavailable)
rElec    .         Reflect  .   (cloak currently unavailable)
rCorr    .         Harm     .   (gloves currently unavailable)
MR       .....     NoTele   +   (boots currently unavailable)
Stlth    +.........             (no amulet)
HPRegen  0.24/turn              (no ring)
MPRegen  0.09/turn              (no ring)

@: tree-form
A: (retaliatory headbutt)
a: Depart the Abyss, Bend Space, Renounce Religion


You were on level 4 of the Dungeon.
You worshipped Lugonu.
Lugonu was pleased with you.
You were hungry.
You were a tree.
You visited 1 branch of the dungeon, and saw 4 of its levels.

You collected 92 gold pieces.

Inventory:

Hand Weapons
 a - a +1 war axe (weapon)
Armour
 b - a +0 scale mail (melded)
 c - a +1 shield (worn)
Jewellery
 j - an uncursed ring of protection from cold
Scrolls
 e - a scroll of identify
 l - a scroll of remove curse
Potions
 d - a potion of might
 g - 2 potions of lignification
 h - a potion of haste
 k - a potion of curing
Comestibles
 f - 7 rations


   Skills:
 * Level 5.5 Fighting
 + Level 5.3 Axes
 + Level 5.0 Armour
 + Level 5.3 Shields


You had 5 spell levels left.
You didn't know any spells.
Your spell library was empty.

Dungeon Overview and Level Annotations

Branches:
Dungeon (4/15)
 Temple: D:4-7

Altars:
The Shining One
Lugonu


Innate Abilities, Weirdness & Mutations

((You reflexively headbutt those who attack you in melee.))
((You have a pair of horns on your head.))


Message History

Lugonu accepts your kill.
You slash the orc priest!
The orc priest is severely wounded.
The orc priest hits you but does no damage.
The orc priest invokes the aid of Beogh against you.
Beogh smites you!
* * * LOW HITPOINT WARNING * * *
You barely miss the orc priest.
The orc priest is severely wounded.
The orc priest hits you but does no damage.
You hit the orc priest.
The orc priest is almost dead.
The orc priest begins to cast a cantrip, but forgets the words!
You closely miss the orc priest.
The orc priest is almost dead.
The orc wizard mumbles some strange words.
The orc wizard seems to speed up.
The orc priest invokes the aid of Beogh against you.
Beogh smites you!
You die...

############
........♣oo#
##########{#
......oo#
#######o#
#.......o.o..#
#............#
#........?...#
#............#
#########......


You could see an orc priest and an orc wizard.

Vanquished Creatures
  Grinder (D:3)
  Natasha (twice) (D:2)
  Terence (D:3)
  Robin (D:3)
  3 adders
  3 gnolls (D:3)
  An ooze (D:2)
  4 worms
  2 dart slugs (D:1)
  A leopard gecko (D:4)
  2 orcs (D:4)
  A ball python (D:1)
  4 giant cockroaches
  16 goblins
  10 hobgoblins
  9 jackals
  5 bats
  2 frilled lizards
  3 kobolds
  8 rats
79 creatures vanquished.

Notes
Turn   | Place    | Note
-------+----------+-------------------------------------------
     0 | D:1      | KillYourself the Minotaur Fighter began the quest for the Orb.
     0 | D:1      | Reached XP level 1. HP: 19/19 MP: 0/0
    80 | D:1      | Reached XP level 2. HP: 23/27 MP: 1/1
   563 | D:1      | Reached XP level 3. HP: 33/33 MP: 2/2
   752 | D:2      | Noticed Natasha
   764 | D:2      | Killed Natasha
   764 | D:2      | Reached XP level 4. HP: 22/41 MP: 3/3
   993 | D:2      | Found a glowing golden altar of the Shining One.
  1234 | D:2      | Noticed Natasha
  1243 | D:2      | Killed Natasha
  1673 | D:3      | Noticed Grinder
  1955 | D:3      | Reached XP level 5. HP: 47/47 MP: 4/4
  2085 | D:3      | Reached skill level 5 in Fighting
  2115 | D:3      | Noticed Terence
  2122 | D:3      | Killed Terence
  2206 | D:3      | Paralysed by Grinder for 5 turns
  2217 | D:3      | Killed Grinder
  2217 | D:3      | Reached skill level 5 in Axes
  2217 | D:3      | Reached skill level 5 in Armour
  2217 | D:3      | Reached skill level 5 in Shields
  2217 | D:3      | Reached XP level 6. HP: 56/56 MP: 5/5
  2274 | D:3      | Noticed Robin
  2288 | D:3      | Killed Robin
  2447 | D:3      | Found a faded altar of an unknown god.
  2454 | D:3      | Became a worshipper of Lugonu the Unformed
  2454 | D:3      | Reached * piety under Lugonu
  2454 | D:3      | Reached ** piety under Lugonu
  2636 | D:4      | HP: 2/84 [orc priest/divine providence (14)]
  2639 | D:4      | Killed from afar by an orc priest

Vault maps used:
D:1:      elethiomel_arrival_shortcut
D:2:      nicolae_tso_swordbearing_angel, uniq_natasha
D:3:      chequers_ecumenical_altar_lobes, first_ration, uniq_terence,
          uniq_robin, uniq_grinder
D:4:      black_bear_nest_1, marbit_many_paths,
          gammafunk_temple_overflow_forgotten, minmay_lizard_king

Skill      XL: |  1  2  3  4  5 |
---------------+----------------+-----
Armour         | 4 5 |  5.0
Shields        | 4 5 |  5.3
Fighting       | 4 5 |  5.5
Axes           | 3 5 |  5.3

Action                   |  1- 3 |  4- 6 || total
-------------------------+-------+-------++-------
Melee: War axe           |    80 |   127 ||   207
       Headbutt          |     9 |     9 ||    18
  Use: Scroll            |       |     5 ||     5
       Potion            |       |     5 ||     5
  Eat: Chunk             |       |     5 ||     5
Armor: Scale mail        |    37 |    53 ||    90
       Skin              |       |     7 ||     7
Dodge: Dodged            |    21 |    38 ||    59
Block: Shield            |    68 |    84 ||   152

Table legend:
 A = Spawn XP
 B = Non-spawn XP
 C = Spawn XP percentage of total XP
 D = Spawn monster count
 E = Non-spawn monster count
 F = Spawn count percentage of total count
 G = Total turns spent on level
                    A         B        C        D         E        F      G
               +---------+---------+-------+---------+---------+-------+---------
         Total |       0 |     597 |   0.0 |       0 |      79 |   0.0 |  2639
               +---------+---------+-------+---------+---------+-------+---------
           D:1 |       0 |      41 |   0.0 |       0 |      22 |   0.0 |   628
           D:2 |       0 |     147 |   0.0 |       0 |      25 |   0.0 |   922
           D:3 |       0 |     379 |   0.0 |       0 |      24 |   0.0 |  1055
           D:4 |       0 |      30 |   0.0 |       0 |       8 |   0.0 |    34
               +---------+---------+-------+---------+---------+-------+---------
